 Dungeon Crawl Stone Soup version 0.31-a0-986-g5e6e4ef867 (webtiles) character file.

Game seed: 15948596908411345319

30 wildpjah the Vexing (level 3, -2/20 HPs)
             Began as a Kobold Hexslinger on Nov 22, 2023.
             Slain by a goblin
             ... wielding a +0 dagger
             ... led by Robin
              (4 damage)
             ... on level 2 of the Dungeon.
             The game lasted 00:03:22 (1195 turns).

wildpjah the Vexing (Kobold Hexslinger)             Turns: 1195, Time: 00:03:23

Health: -2/20      AC:  2    Str:  5    XL:     3   Next: 35%
Magic:  1/5        EV: 15    Int: 14    God:
Gold:   63         SH:  0    Dex: 19    Spells: 3/5 levels left

rFire   . . .        a - +1 sling
rCold   . . .        (no shield)
rNeg    . . .        c - +0 robe
rPois   .            (no helmet)
rElec   .            (no cloak)
rCorr   .            (no gloves)
SInv    .            (no boots)
Will    .....        (no amulet)
Stlth   +++          (no ring)
HPRegen 0.23/turn    (no ring)
MPRegen 0.09/turn

%: no passive effects
@: weak-willed, jinxed
A: small, no large weapons, nightstalker 3
a: no special abilities


You were on level 2 of the Dungeon.
You visited 1 branch of the dungeon, and saw 2 of its levels.

You collected 63 gold pieces.

Inventory:

Hand Weapons
 a - a +1 sling (weapon)
 d - a +0 falchion
Armour
 c - a +0 robe (worn)
Scrolls
 b - 2 scrolls of poison
 e - a scroll of enchant weapon {unknown}
Potions
 f - a potion of attraction {unknown}
 g - a potion of brilliance {unknown}
 h - a potion of enlightenment {unknown}
 i - a potion of heal wounds {unknown}


   Skills:
 + Level 1.4 Fighting
 + Level 3.3 Ranged Weapons
 + Level 2.5 Dodging
 + Level 1.7 Spellcasting
 + Level 3.4 Hexes
 + Level 1.0 Fire Magic


You had 3 spell levels left.
You knew the following spells:

 Your Spells              Type           Power      Damage    Failure   Level
a - Jinxbite              Hex            20%        N/A       9%          2

Your spell library contained the following spells:

 Spells                   Type           Power      Damage    Failure   Level
 Sigil of Binding         Hex            10%        N/A       19%         3
 Inner Flame              Hex/Fire       7%         N/A       28%         3
 Cause Fear               Hex            5%         N/A       52%         4
 Dimensional Bullseye     Hex/Tloc       3%         N/A       77%         4
 Passage of Golubria      Tloc           1%         N/A       94%         4
 Silence                  Hex/Air        3%         N/A       98%         5
 Lehudib's Crystal Spear  Conj/Erth      0%         10d2      100%        8


Dungeon Overview and Level Annotations

Branches:
Dungeon (2/15)

Altars:

Annotations:
D:2 Robin


Innate Abilities, Weirdness & Mutations

You are small and have problems with some larger weapons.
You are completely attuned to the shadows.


Message History

You kill the goblin!
Robin throws the goblin at you! The goblin misses you.
You shoot a sling bullet.
The sling bullet closely misses the goblin.
The goblin misses you. The goblin hits you with a +0 dagger.
The hobgoblin barely misses you. Robin throws the goblin at you!
The goblin hits you with a +0 dagger. The goblin closely misses you.
You are too injured to fight recklessly!
You are too injured to fight recklessly!
You are too injured to fight recklessly!
Unknown command.
Casting: Jinxbite (safe; 9% risk of failure)
Press: ? - help, Q - select action, (/) - cycle Dir - look around, f - activate Look: Robin, wielding a +0 club, wearing a +2 animal skin and wearing a +0 helmet (lightly wounded, chance to call a sprite on attack: 52%)
You beckon more vexing sprites to accompany your attacks.
You feel your willpower being sapped. The hobgoblin hits you.
* * * LOW HITPOINT WARNING * * *
The goblin misses you. The goblin closely misses you.
The goblin hits you with a +0 dagger.
* * * LOW HITPOINT WARNING * * *
Fire: a) +1 sling
Press: ? - help, Q - select action, (/) - cycle Shift-Dir - straight line, f/p - Robin
Aim: Robin, wielding a +0 club, wearing a +2 animal skin and wearing a +0 helmet (lightly wounded, chance to call a sprite on attack: 52%, 68% to hit)
You shoot a sling bullet.
The sling bullet hits the hobgoblin but does no damage.
The hobgoblin closely misses you.
A goblin comes into view. It is wielding a +0 dagger.
The goblin hits you but does no damage. The goblin barely misses you.
A goblin comes into view. It is wielding a +0 dagger.
The goblin misses you.
Fire: a) +1 sling
Press: ? - help, Q - select action, (/) - cycle Shift-Dir - straight line, f/p - Robin
Aim: Robin, wielding a +0 club, wearing a +2 animal skin and wearing a +0 helmet (lightly wounded, chance to call a sprite on attack: 52%, 68% to hit)
You shoot a sling bullet. The sling bullet barely misses Robin.
The hobgoblin closely misses you.
Robin roars a battlecry!
The goblins go into a battle-frenzy!
The goblin hits you but does no damage. The goblin hits you with a +0 dagger.
You die...

#....# #....#
###+######....#######
...................).
................gg..g
...........##...@g)g.
.....†.....##..g.g...
...........##........
#############........
#........


You could see Robin, a hobgoblin (strong) and 5 goblins.

Vanquished Creatures
  A dart slug (D:1)
  2 bats (D:1)
  2 endoplasms (D:1)
  5 giant cockroaches
  2 hobgoblins (D:1)
  4 quokkas
  A frilled lizard (D:1)
  4 goblins
  A kobold (D:1)
  A rat (D:1)
23 creatures vanquished.

Notes
Turn   | Place    | Note
-------+----------+-------------------------------------------
     0 | D:1      | wildpjah the Kobold Hexslinger began the quest for the Orb.
     0 | D:1      | Reached XP level 1. HP: 12/12 MP: 2/2
   182 | D:1      | Reached XP level 2. HP: 15/16 MP: 3/3
   199 | D:1      | Learned a level 2 spell: Jinxbite
   673 | D:1      | Reached XP level 3. HP: 20/20 MP: 2/5
  1190 | D:2      | Noticed Robin
  1195 | D:2      | Slain by a goblin

Illustrated notes

Levels and vault maps discovered:
D:1:      co_arrival_square_in_a_square_in_a_square, layout_basic
D:2:      layout_basic, kennysheep_generic_room_15, uniq_robin, uniq_terence

Skill      XL: |  1  2 |
---------------+-------+-----
Ranged Weapons | 3 |  3.3
Fighting       | |  1.4
Dodging        | |  2.5
Spellcasting   | |  1.7
Hexes          | |  3.4
Fire Magic     | |  1.0

Action                     || total
---------------------------++-------
   Fire: Sling             ||    45
   Cast: Jinxbite          ||    10
 Armour: Robe              ||    11
  Dodge: Dodged            ||    19

Table legend: (Time is in decaauts)
 A = Elapsed time spent in this place.
 B = Non-inter-level travel time spent in this place.
 C = Inter-level travel time spent in this place.
 D = Time resting spent in this place.
 E = Time spent auto-exploring this place.
 F = Levels seen in this place.
 G = Mean time per level.
                   A        B        C        D        E       F      G
               +--------+--------+--------+--------+--------+-----+--------+
         Total |   1205 |   1153 |     52 |      0 |   1040 |   2 |  602.5 |
       Dungeon |   1205 |   1153 |     52 |      0 |   1040 |   2 |  602.5 |
               +--------+--------+--------+--------+--------+-----+--------+

Top non-repeatable levels by time:
     D:1: 1108 daAuts
     D:2: 97 daAuts
